 Dungeon Crawl Stone Soup version 0.28-a0-595-g9f6c0e134a (webtiles) character file.

Game seed: 3712175157672347359

98 robertstho the Magician (level 5, -6/37 HPs)
             Began as a Djinni Fire Elementalist on Oct 4, 2021.
             Mangled by an orc (7 damage)
             ... on level 3 of the Dungeon.
             The game lasted 00:03:18 (2937 turns).

robertstho the Magician (Djinni Fire Elementalist)  Turns: 2937, Time: 00:03:19

Health: -6/37      AC:  2    Str:  7    XL:     5   Next: 0%
Gold:   78         EV: 12    Int: 18    God:
                   SH:  0    Dex: 13

rFire   + + .      SeeInvis .   g - +2 hand axe (flame)
rCold   x . .      Faith    .   (no shield)
rNeg    . . .      Spirit   .   a - +0 robe
rPois   ∞          Reflect  .   (no helmet)
rElec   .          Harm     .   (no cloak)
rCorr   .          Rampage  .   (no gloves)
Will    .....                   (boots unavailable)
Stlth   +.........              (no amulet)
HPRegen 0.12/turn               (no ring)
MPRegen 0.00/turn               (no ring)

@: confused, flying
A: sickness immunity, fire resistance 2, cold vulnerability 1, float, innate
caster, hp casting, extra vitality 1
a: no special abilities


You were on level 3 of the Dungeon.
You visited 1 branch of the dungeon, and saw 3 of its levels.

You collected 78 gold pieces.

Inventory:

Hand Weapons
 b - a +0 dagger
 d - a +0 rapier
 g - a +2 hand axe of flaming (weapon)
Armour
 a - a +0 robe (worn)
Wands
 n - a wand of digging (4)
Scrolls
 c - a scroll of enchant armour {unknown}
 f - a scroll of teleportation {unknown}
 l - 2 scrolls of enchant weapon {unknown}
 m - a scroll of identify {unknown}
Potions
 e - a potion of ambrosia
 h - a potion of mutation {unknown}
 i - a potion of attraction {unknown}
 j - a potion of heal wounds {unknown}
 k - a potion of magic


   Skills:
 * Level 1.1 Fighting
 + Level 0.1 Short Blades
 + Level 2.5 Dodging
 + Level 1.7 Stealth
 * Level 3.7 Spellcasting


You couldn't memorise any spells.
You knew the following spells:

 Your Spells              Type           Power      Damage    Failure   Level
a - Foxfire               Conj/Fire      64%        2x1d7     3%          1
b - Scorch                Fire           32%        2d6       4%          2
c - Conjure Flame         Conj/Fire      16%        6-21      10%         3
d - Inner Flame           Hex/Fire       16%        N/A       10%         3
e - Flame Wave            Conj/Fire      16%        3d5       32%         4
f - Freeze                Ice            64%        1d8       3%          1
g - Static Discharge      Conj/Air       16%        N/A       4%          2
Your spell library was empty.

Dungeon Overview and Level Annotations

Branches:
Dungeon (3/15)

Altars:


Innate Abilities, Weirdness & Mutations

You are immune to sickness and miasma.
You are immune to poison.
Your flesh is very heat resistant. (rF++)
You are vulnerable to cold. (rC-)
You float through the air rather than walking.
You learn spells naturally, not from books.
Your magical power is your life essence.
You have superior vitality. (+4 HP)


Message History

The orc wizard gestures at you while chanting.
The puff of flame hits you. You resist.
The orc wizard gestures at you while chanting.
You resist with some effort.
You bump into the rock wall.
The orc wizard gestures wildly while chanting.
The orc wizard flickers and vanishes!
Deactivating autopickup; reactivate with Ctrl-A.
The hobgoblin misses you.
You hit something. You burn something. You barely miss the hobgoblin.
Something completely misses you. The hobgoblin closely misses you.
You hear some strange, mumbled words.
You are more confused.
You closely miss something. You hit the hobgoblin. You burn the hobgoblin.
The hobgoblin hits you. Something hits you.
You miss something. You hit the hobgoblin but do no damage.
The hobgoblin hits you. The hobgoblin closely misses you.
You're too confused to move!
You hear some strange, mumbled words.
Something tries to affect you, but you resist.
The hobgoblin hits you but does no damage.
The orc hits you with a +0 mace.
You bump into the rock wall.
You hear some strange, mumbled words.
A magic dart appears from out of thin air!
The magic dart hits you. The orc hits you with a +0 mace.
The hobgoblin hits you but does no damage.
You hit the orc but do no damage. You hit the hobgoblin but do no damage.
You miss something. Something hits you.
* * * LOW HITPOINT WARNING * * *
The hobgoblin hits you.
* * * LOW HITPOINT WARNING * * *
The orc barely misses you. Something hits you.
* * * LOW HITPOINT WARNING * * *
You miss the hobgoblin.
The hobgoblin is severely wounded.
You barely miss the orc. You completely miss something. The hobgoblin hits you.
* * * LOW HITPOINT WARNING * * *
The orc hits you with a +0 mace!
You die...

.# . ##. #.. #.#
...####.# ..
.......g###)# . .
#@og.)# ..#. #{#####
..... #.# ...#.######.#
............#
...#.#.#..###
.........#########
#..#.#.#.........#
#........#######.######


You could see an orc and 2 hobgoblins.

Vanquished Creatures
  An orc wizard (D:3)
  3 adders (D:2)
  A dart slug (D:2)
  3 orcs
  3 ball pythons (D:1)
  7 bats
  2 endoplasms (D:2)
  A giant cockroach (D:1)
  6 goblins
  2 hobgoblins
  A kobold (D:1)
  2 quokkas (D:1)
  4 frilled lizards
  5 rats
41 creatures vanquished.

Vanquished Creatures (others)
  130 foxfires
130 creatures vanquished.

Grand Total: 171 creatures vanquished

Notes
Turn   | Place    | Note
-------+----------+-------------------------------------------
     0 | D:1      | robertstho the Djinni Fire Elementalist began the quest for
                  | the Orb.
     0 | D:1      | Reached XP level 1. HP: 15/15 MP: 0/0
   322 | D:1      | Reached XP level 2. HP: 20/22 MP: 0/0
  1329 | D:1      | Reached XP level 3. HP: 22/26 MP: 0/0
  1329 | D:1      | Learned a level 1 spell: Freeze
  1527 | D:2      | Reached skill level 3 in Spellcasting
  1865 | D:2      | Reached skill level 1 in Fighting
  1865 | D:2      | Reached XP level 4. HP: 27/32 MP: 0/0
  2923 | D:3      | Reached XP level 5. HP: 32/37 MP: 0/0
  2923 | D:3      | Learned a level 2 spell: Static Discharge
  2937 | D:3      | HP: 1/37 [hobgoblin (2)]
  2937 | D:3      | Mangled by an orc

Illustrated notes

Levels and vault maps discovered:
D:1:      ebering_trefoil_3fold, layout_loops_corners
D:2:      layout_loops_cross, roderic_serpentine_path, minmay_crystal_room
D:3:      layout_loops_ring, serial_co_window_serial, co_window_paths_b,
          co_window_paths_a, co_window_corner_a, co_window_corner_a,
          co_window_corner_a, co_window_corner_a, co_window_paths_b,
          co_window_of_opportunity_a, co_window_paths_b, co_window_broadway_b,
          co_window_of_opportunity_c, co_window_corner_b, glass_columns_b,
          dreamdust_ecumenical_altar_statues, uniq_ijyb

Skill      XL: |  1  2  3 |
---------------+----------+-----
Spellcasting   | 3 |  3.7
Fighting       | 1 |  1.1
Short Blades   | |  0.1
Dodging        | |  2.5
Stealth        | |  1.7

Action                   |  1- 3 |  4- 6 || total
-------------------------+-------+-------++-------
Melee: Rapier            |     5 |       ||     5
       Hand axe          |       |     8 ||     8
 Cast: Foxfire           |    63 |    13 ||    76
       Scorch            |     4 |    16 ||    20
  Use: Potion            |       |     2 ||     2
Armor: Robe              |     1 |     2 ||     3
Dodge: Dodged            |    16 |    11 ||    27

Table legend: (Time is in decaauts)
 A = Elapsed time spent in this place.
 B = Non-inter-level travel time spent in this place.
 C = Inter-level travel time spent in this place.
 D = Time resting spent in this place.
 E = Time spent auto-exploring this place.
 F = Levels seen in this place.
 G = Mean time per level.
                   A        B        C        D        E       F      G
               +--------+--------+--------+--------+--------+-----+--------+
         Total |   2938 |   2894 |     44 |      0 |   2623 |   3 |  979.3 |
       Dungeon |   2938 |   2894 |     44 |      0 |   2623 |   3 |  979.3 |
               +--------+--------+--------+--------+--------+-----+--------+

Top non-repeatable levels by time:
     D:1: 1522 daAuts
     D:2: 1227 daAuts
     D:3: 188 daAuts
